 Dungeon Crawl Stone Soup version 0.31.0-12-g77e489cdc1 (webtiles) character file.

Game seed: 3960489411160761407

45707 spaghetti the Reanimator (level 14, -5/138 (141) HPs)
             Began as a Demonspawn Chaos Knight on Mar 2, 2024.
             Was a Plaything of Xom.
             Killed from afar by a deep elf knight (21 damage)
             ... with a shard of ice
             ... on level 1 of the Elven Halls.
             The game lasted 00:30:45 (16273 turns).

spaghetti the Reanimator (Demonspawn Chaos Knight) Turns: 16273, Time: 00:30:46

HP:   -5/138 (141)  AC: 17    Str: 24    XL:     14   Next: 2%
MP:   0/21          EV: 15    Int: 20    God:    Xom [...*..]
Gold: 303           SH:  0    Dex: 13    Spells: 6/22 levels left

rFire   + + +        P - +16 obsidian axe {drain, demonic, Mesm ^Drain Fly SInv}
rCold   x x .        (no shield)
rNeg    . . .        W - +0 fire dragon scales
rPois   .            T - +0 hat
rElec   +            (no cloak)
rCorr   .            O - +3 pair of gauntlets of War {Slay+5}
SInv    +            f - +0 pair of boots
Will    ++...        U - amulet of guardian spirit Stlth
                     E - +6 ring of strength
HPRegen 0.43/turn    o - +5 ring of evasion
MPRegen 0.17/turn

%: clarity, guardian spirit
@: on fire, flying, mesmerised, glowing, lightly drained
A: claws 2, rugged brown scales 2, foul stench 1, spiny 2, hooves 1, agile 1,
clarity, clever 2, deterioration 1, fire resistance 1, strong-willed 1, robust
2, screaming 1, shaggy fur 2, electricity resistance, strong 1, cold
vulnerability 1, MP-powered wands, sturdy frame 1, noise suppression
a: Renounce Religion


You were on level 1 of the Elven Halls.
You worshipped Xom.
You were a favourite toy of Xom.
You visited 4 branches of the dungeon, and saw 17 of its levels.
You also visited: Sewer and Ossuary.

You collected 2668 gold pieces.
You spent 2365 gold pieces at shops.

Inventory:

Hand Weapons
 P - the +16 obsidian axe (weapon) {drain, demonic, Mesm ^Drain Fly SInv}
   (You found it on level 9 of the Dungeon)

   Mesm:      Its wielder is mesmerised by any visible foes, and it cannot be
   unequipped while any foes are visible.
   SInv:      It lets you see invisible.
   Fly:       It grants you flight.
   ^Drain:    It drains your maximum health when unequipped.
Armour
 f - a +0 pair of boots (worn)
 O - the +3 pair of gauntlets of War (worn) {Slay+5}
   (You found it on level 9 of the Dungeon)

   Slay+5:    It affects your accuracy & damage with ranged weapons and melee
   (+5).
 T - a +0 hat (worn)
 W - +0 fire dragon scales (worn)
Jewellery
 b - a ring of ice
 l - a ring of poison resistance
 o - a +5 ring of evasion (right hand)
 E - a +6 ring of strength (left hand)
 Q - a ring of see invisible
 R - a ring of protection from fire
 U - an amulet of guardian spirit (around neck)
 V - an amulet of magic regeneration
Wands
 a - a wand of roots (15)
 m - a wand of digging (8)
 p - a wand of flame (22)
 r - a wand of paralysis (18)
 z - a wand of acid (13)
 A - a wand of mindburst (17)
 F - a wand of polymorph (7)
Scrolls
 c - a scroll of identify
 d - 4 scrolls of enchant armour
 h - 2 scrolls of brand weapon
 j - 5 scrolls of vulnerability
 k - 13 scrolls of teleportation
 q - a scroll of fear
 s - 5 scrolls of noise
 t - 6 scrolls of blinking
 u - 2 scrolls of summoning
 v - 3 scrolls of immolation
 w - 3 scrolls of poison
 x - 3 scrolls of enchant weapon
 D - 3 scrolls of amnesia
 K - 2 scrolls of revelation
 L - 2 scrolls of fog
Potions
 e - a potion of brilliance
 g - 5 potions of lignification
 i - 5 potions of enlightenment
 n - 4 potions of mutation
 B - 2 potions of magic
 C - a potion of heal wounds
 G - a potion of attraction
 H - a potion of berserk rage
 I - a potion of ambrosia
 J - 2 potions of might
 M - 11 potions of curing
 N - 6 potions of haste
Miscellaneous
 S - a sack of spiders


   Skills:
 - Level 11.0 Fighting
 - Level 6.2(10.0) Axes
 - Level 12.0(12.6) Maces & Flails
 - Level 1.7 Armour
 - Level 0.8 Dodging
 - Level 10.4 Unarmed Combat
 - Level 4.6 Spellcasting
 - Level 4.9 Summonings
 + Level 13.1 Necromancy
 - Level 4.0 Air Magic
 - Level 6.1 Evocations


You had 6 spell levels left.
You knew the following spells:

 Your Spells              Type           Power      Damage    Failure   Level
a - Swiftness             Air            20%        N/A       14%         3
b - Call Canine Familiar  Summ           24%        N/A       10%         3
c - Animate Dead          Necr           55%        N/A       1%          4
d - Death Channel         Necr           27%        N/A       17%         6

Your spell library contained the following spells:

 Spells                   Type           Power      Damage    Failure   Level
 Apportation              Tloc           8%         N/A       26%         1
 Ensorcelled Hibernation  Hex/Ice        8%         N/A       36%         2
 Jinxbite                 Hex            8%         N/A       36%         2
 Borgnjor's Vile Clutch   Necr/Erth      15%        N/A       43%         5
 Frozen Ramparts          Ice            8%         1d2       58%         3
 Passwall                 Erth           4%         N/A       58%         3
 Sigil of Binding         Hex            4%         N/A       58%         3
 Volatile Blastmotes      Fire/Tloc      8%         2d10      58%         3
 Dimensional Bullseye     Hex/Tloc       2%         N/A       94%         4
 Fulminant Prism          Conj/Alch      2%         3d5       94%         4
 Iskenderun's Mystic Bla  Conj/Tloc      4%         2d3       94%         4
 Leda's Liquefaction      Alch/Erth      2%         N/A       94%         4
 Olgreb's Toxic Radiance  Alch           4%         N/A       94%         4
 Petrify                  Alch/Erth      4%         N/A       94%         4
 Alistair's Intoxication  Alch           2%         N/A       100%        5
 Lee's Rapid Deconstruct  Erth           2%         3d4*      100%        5
 Metabolic Englaciation   Hex/Ice        2%         N/A       100%        5
 Bombard                  Conj/Erth      2%         9d1       100%        6
 Eringya's Noxious Bog    Alch           2%         4d6       100%        6
 Ozocubu's Refrigeration  Ice            2%         4d7       100%        7
 Discord                  Hex            2%         N/A       100%        8


Dungeon Overview and Level Annotations

Branches:
Dungeon (13/15)            Temple (0/1) D:4            Lair (1/5) D:9
    Orc (2/2) D:11            Elf (1/3) Orc:2         Sewer (visited)
Ossuary (visited)
 Vaults: D:13-14

Altars:
Cheibriados
Dithmenos
Fedhas
Okawaru
Qazlal
Sif Muna
Trog
Uskayaw
Xom
Yredelemnul

Shops:
D:7 (?*![   D:8 [   Orc:2 ([::

Annotations:
D:8 2 transporters
D:13 Urug


Innate Abilities, Weirdness & Mutations

You have very sharp fingernails.
You are mostly covered in rugged brown scales. (AC +2, +5% HP)
You may rarely emit foul miasma when damaged in melee.
You are mostly covered in sharp spines.
You have large cloven feet.
You are agile. (Dex +4, Str/Int -1)
You possess an exceptional clarity of mind.
Your mind is very acute. (Int +8, Str/Dex -2)
Your body sometimes deteriorates upon taking damage.
Your flesh is heat resistant. (rF+)
You are strong-willed. (Will+)
You are very robust. (+20% HP)
You occasionally shout uncontrollably at your foes.
You are covered in thick fur. (AC +2)
You are resistant to electric shocks. (rElec)
Your muscles are strong. (Str +4, Int/Dex -1)
You are vulnerable to cold. (rC-)
You expend magic power (3 MP) to strengthen your wands.
Your movements are slightly less encumbered by armour. (ER -2)
You passively dampen the noise of your surroundings.


Message History

Your +2 scimitar of electrocution hits the ghostly deep elf zephyrmancer!!
The ghostly deep elf death mage is struck by your spines.
The ghostly deep elf death mage hits you but does no damage.
The air elemental hits you but does no damage.
The deep elf death mage is struck by your spines.
The deep elf death mage hits you with a +0 short sword.
The ghostly deep elf zephyrmancer hits your +2 scimitar of electrocution with a +0 rapier.
Unknown command.
You closely miss the ghostly deep elf death mage.
The ghostly deep elf death mage is almost destroyed.
You slice the air elemental!!
You are no longer entranced.
You destroy the air elemental!
You slash the deep elf death mage! You drain the deep elf death mage.
You open a gate to Pandemonium!
A demon appears!
Visions of slaying the deep elf death mage flood into your mind.
The liquid fire burns you!
Your +2 scimitar of electrocution hits the ghostly deep elf zephyrmancer!
Lightning courses through the ghostly deep elf zephyrmancer!!
The ghostly deep elf zephyrmancer is destroyed!
Your deep elf pyromancer zombie closely misses the ghostly deep elf death mage.
The ghostly deep elf death mage hits you but does no damage.
Your +2 scimitar of electrocution hits the ghostly deep elf death mage!
The ghostly deep elf death mage is destroyed!
The deep elf death mage points at you and mumbles some strange words.
The bolt of negative energy hits you!!!
You feel drained.
* * * LOW HITPOINT WARNING * * *
Your Necromancy skill increases to level 13!
You have reached level 14!
Unknown command.
The deep elf knight blocks your attack.
The deep elf knight is severely wounded.
You hit the deep elf death mage but do no damage.
You drain the deep elf death mage. The liquid fire burns you!
* * * LOW HITPOINT WARNING * * *
Your +2 scimitar of electrocution hits the deep elf death mage!!
The deep elf knight gestures at you while chanting.
The shard of ice hits you!!
You feel a painful chill!
You die...

.. # ## ###
###.. ..#
#....###..
#..#4..
#.##...(e###
#.....e.e@)#
....##Z##)....#
# ##...##..#.#
#.....#.##
#..⌠..# .
##)..## ..
#...# ## #####


You could see a deep elf death mage (mesmerising, drained, ally target), a deep
elf knight (fast, invisible), a deep elf pyromancer, a friendly red devil
(summoned), a friendly +2 scimitar of electrocution and a friendly deep elf
pyromancer zombie.

Vanquished Creatures
  Gastronok (D:10)
  2 orc warlords (Orc:2)
  Fannar (D:11)
  3 dancing weapons (Elf:1)
  3 centaur warriors
  A two-headed ogre (D:9)
  A deep elf knight (Elf:1)
  A deep elf archer (Elf:1)
  2 orc knights
  An ugly thing (D:7)
  8 deep elf pyromancers (Elf:1)
  2 deep elf zephyrmancers (Elf:1)
  3 manticores
  3 cyclopes
  6 centaur zombies (D:10)
  A kobold blastminer (Orc:2)
  2 unseen horrors
  2 komodo dragons
  An unseen horror zombie (D:10)
  Jeremiah (D:6)
  4 kobold demonologists (D:10)
  A tengu conjurer (D:9)
  10 trolls
  A troll (shapeshifter) (D:9)
  A blink frog (D:9)
  Sigmund (D:6)
  2 slime creatures (D:9)
  An air elemental (Elf:1)
  2 water elementals (Elf:1)
  3 shadows
  7 wyverns
  Eustachio (D:4)
  6 wraiths
  7 yaks
  A warg (Orc:2)
  A basilisk (D:9)
  2 fire elementals (Elf:1)
  Edmund (D:6)
  2 water moccasins
  A swamp drake (D:9)
  A sky beast (D:7)
  3 ice beasts
  13 orc warriors
  A sky beast (shapeshifter) (Elf:1)
  A crocodile (Orc:2)
  7 ogres
  9 centaurs
  A weeping skull (Ossuary)
  6 kobold brigands
  A brain worm (Sewer)
  3 bullfrogs
  An earth elemental (Elf:1)
  3 scorpions
  8 water moccasin zombies (Ossuary)
  2 wights (D:9)
  6 killer bees
  4 howler monkeys
  A bombardier beetle (D:5)
  15 orc priests
  4 hounds
  5 iguanas
  Natasha (twice) (D:2)
  19 orc wizards
  2 crocodile zombies (Ossuary)
  2 mummies (Ossuary)
  A howler monkey zombie (D:10)
  Robin (D:2)
  9 adders
  5 gnolls
  2 river rats (Sewer)
  2 white imps
  2 ufetubi (D:5)
  3 adder zombies (Ossuary)
  5 dart slugs
  3 ribbon worms
  71 orcs
  9 endoplasms
  5 giant cockroaches
  7 gnoll zombies (Ossuary)
  15 goblins
  8 hobgoblins
  9 jackals
  7 quokkas
  11 ball pythons
  13 bats
  9 frilled lizards
  5 jackal zombies (Ossuary)
  31 kobolds
  4 orc zombies (Ossuary)
  4 rats
  A butterfly (D:5)
462 creatures vanquished.

Vanquished Creatures (collateral kills)
  A deep elf death mage (Elf:1)
  Josephine (D:11)
  A two-headed ogre (D:11)
  A centaur warrior (D:9)
  An orc high priest (Orc:2)
  A deep elf archer (Elf:1)
  A deep elf zephyrmancer (Elf:1)
  An ugly thing zombie (D:9)
  3 deep elf pyromancers (Elf:1)
  An orc sorcerer (Orc:2)
  2 cyclopes (D:9)
  2 manticores (D:9)
  A centaur zombie (D:10)
  An unseen horror zombie (D:10)
  4 yaks
  A wraith (D:10)
  An acid dragon (D:9)
  7 orc warriors
  A laughing skull (D:9)
  2 centaurs (D:11)
  2 kobold brigands (D:9)
  A bullfrog (D:9)
  5 orc priests
  3 orc wizards
  2 orc zombies (D:9)
  15 orcs
  5 kobolds
67 creatures vanquished.

Vanquished Creatures (others)
  An orc sorcerer (Orc:2)
  An ugly thing (D:9)
  An orc warrior (Orc:2)
  2 elf zombies (Elf:1)
  A troll zombie (D:9)
  4 centaur zombies (D:11)
  2 orc priests (Orc:2)
  An ogre zombie (Orc:2)
  13 orc zombies
  A kobold zombie (D:10)
27 creatures vanquished.

Grand Total: 556 creatures vanquished

Notes
Turn   | Place    | Note
-------+----------+-------------------------------------------
     0 | D:1      | spaghetti the Demonspawn Chaos Knight began the quest for
                  | the Orb.
     0 | D:1      | Reached XP level 1. HP: 18/18 MP: 1/1
    88 | D:1      | Gained mutation: You have sharp fingernails. [demonic
                  | ancestry]
    88 | D:1      | Reached XP level 2. HP: 17/24 MP: 2/2
   175 | D:1      | XOM: silly message
   342 | D:1      | XOM: chaos cloud
   431 | D:1      | Reached XP level 3. HP: 13/30 MP: 3/3
   625 | D:1      | XOM: cloud trail
  1081 | D:2      | XOM: cast spell 'Cause Fear'
  1102 | D:2      | Gained mutation: You are partially covered in sharp spines.
                  | [demonic ancestry]
  1102 | D:2      | Reached XP level 4. HP: 36/37 MP: 4/4
  1344 | D:2      | Noticed Robin
  1361 | D:2      | Killed Robin
  1380 | D:2      | Noticed Natasha
  1387 | D:2      | Killed Natasha
  1653 | D:2      | Noticed Natasha
  1674 | D:2      | Gained mutation: You are clumsy. (Dex -2) [potion of
                  | mutation]
  1682 | D:2      | Killed Natasha
  1683 | D:2      | Gained mutation: You may rarely emit foul miasma when
                  | damaged in melee. [demonic ancestry]
  1683 | D:2      | Reached XP level 5. HP: 8/43 MP: 5/5
  2076 | D:3      | XOM: 5-stop teleportation journey
  2113 | D:3      | XOM: give mutations
  2113 | D:3      | Gained mutation: You have very sharp fingernails. [Xom's
                  | grace]
  2113 | D:3      | Lost mutation: You are clumsy. (Dex -2) [Xom's grace]
  2215 | D:3      | XOM: give mutation
  2215 | D:3      | Gained mutation: Your movements are slightly less
                  | encumbered by armour. (ER -2) [Xom's grace]
  2368 | D:3      | Found a bloodstained altar of Trog.
  2419 | D:3      | XOM: give mutations
  2419 | D:3      | Gained mutation: Your mind is acute. (Int +4, Str/Dex -1)
                  | [Xom's mischief]
  2419 | D:3      | Gained mutation: You are robust. (+10% HP) [Xom's mischief]
  2419 | D:3      | Gained mutation: You occasionally shout uncontrollably at
                  | your foes. [Xom's mischief]
  2419 | D:3      | Gained mutation: Your body sometimes deteriorates upon
                  | taking damage. [Xom's mischief]
  2500 | D:3      | XOM: 9-stop teleportation journey
  2777 | D:3      | Found a faded altar of an unknown god.
  2892 | D:4      | Reached skill level 5 in Unarmed Combat
  2892 | D:4      | Reached XP level 6. HP: 33/55 MP: 6/6
  2946 | D:4      | XOM: silly message
  2969 | D:4      | XOM: destruction
  2974 | D:4      | XOM: silly message
  2976 | D:4      | Reached skill level 5 in Fighting
  2988 | D:4      | XOM: noise
  3133 | D:4      | Found a glowing drain.
  3215 | D:4      | XOM: fog
  3294 | D:4      | Reached XP level 7. HP: 41/61 MP: 2/7
  3481 | D:4      | XOM: stat loss: -1 Int (15/16)
  3514 | Sewer    | Entered a sewer
  3605 | Sewer    | XOM: silly message
  3978 | Sewer    | XOM: divination: detect items
  4124 | D:4      | Noticed Eustachio
  4129 | D:4      | Killed Eustachio
  4230 | D:4      | Found a shadowy altar of Dithmenos.
  4293 | D:4      | Found a staircase to the Ecumenical Temple.
  4431 | D:5      | Entered Level 5 of the Dungeon
  4527 | D:5      | Reached skill level 1 in Evocations
  4527 | D:5      | XOM: enchant monster (bad)
  4531 | D:5      | Reached XP level 8. HP: 64/70 MP: 8/8
  4535 | D:5      | Learned a level 3 spell: Swiftness
  4603 | D:5      | XOM: 6-stop teleportation journey
  4636 | D:5      | XOM: silly message
  4709 | D:5      | XOM: divination: detect items
  4766 | D:5      | Reached skill level 1 in Air Magic
  4795 | D:5      | XOM: 5-stop teleportation journey
  4901 | D:5      | XOM: give mutations
  4901 | D:5      | Gained mutation: You are covered in fur. (AC +1) [Xom's
                  | mischief]
  4901 | D:5      | Gained mutation: You are vulnerable to cold. (rC-) [Xom's
                  | mischief]
  4959 | D:5      | Found a shimmering altar of Xom.
  5055 | D:6      | Noticed Jeremiah
  5063 | D:6      | XOM: noise
  5216 | D:6      | XOM: noise
  5220 | D:5      | XOM: give mutation
  5220 | D:5      | Lost mutation: Your mind is acute. (Int +4, Str/Dex -1)
                  | [Xom's mischief]
  5228 | D:6      | XOM: give mutations
  5228 | D:6      | Gained mutation: You are resistant to electric shocks.
                  | (rElec) [Xom's grace]
  5228 | D:6      | Gained mutation: Your flesh is heat resistant. (rF+) [Xom's
                  | grace]
  5228 | D:6      | Gained mutation: You have large cloven feet. [Xom's grace]
  5228 | D:6      | Gained mutation: Your mind is acute. (Int +4, Str/Dex -1)
                  | [Xom's grace]
  5238 | D:6      | Killed Jeremiah
  5369 | D:6      | Noticed Sigmund
  5375 | D:6      | Killed Sigmund
  5417 | D:6      | XOM: give mutation
  5417 | D:6      | Gained mutation: Your mind is very acute. (Int +8, Str/Dex
                  | -2) [Xom's grace]
  5433 | D:6      | Found a shimmering blue altar of Sif Muna.
  5450 | D:6      | XOM: butterfly on damage
  5475 | D:6      | XOM: give mutation
  5475 | D:6      | Gained mutation: You passively dampen the noise of your
                  | surroundings. [Xom's grace]
  5551 | D:6      | Noticed Edmund
  5562 | D:6      | Killed Edmund
  5589 | D:6      | XOM: give mutations
  5589 | D:6      | Gained mutation: You have a pair of small horns on your
                  | head. [Xom's grace]
  5589 | D:6      | Lost mutation: You have large cloven feet. [Xom's grace]
  5589 | D:6      | Gained mutation: You have sharp toenails. [Xom's grace]
  5603 | D:6      | XOM: give mutations
  5603 | D:6      | Gained mutation: Your muscles are strong. (Str +4, Int/Dex
                  | -1) [Xom's grace]
  5603 | D:6      | Gained mutation: You are covered in thick fur. (AC +2)
                  | [Xom's grace]
  5603 | D:6      | Gained mutation: You are very robust. (+20% HP) [Xom's
                  | grace]
  5603 | D:6      | Gained mutation: You are strong-willed. (Will+) [Xom's
                  | grace]
  5620 | D:6      | XOM: give mutations
  5620 | D:6      | Gained mutation: You expend magic power (3 MP) to
                  | strengthen your wands. [Xom's grace]
  5620 | D:6      | Gained mutation: A frigid envelope surrounds you and
                  | freezes all who hurt you. [Xom's grace]
  5620 | D:6      | Lost mutation: You have sharp toenails. [Xom's grace]
  5620 | D:6      | Gained mutation: You have large cloven feet. [Xom's grace]
  5711 | D:6      | Learned a level 3 spell: Call Canine Familiar
  5959 | D:7      | Found Wodaj's Assorted Antiques.
  5964 | D:7      | Gained mutation: You are partially covered in rugged brown
                  | scales. (AC +1, +3% HP) [demonic ancestry]
  5964 | D:7      | Reached XP level 9. HP: 80/88 MP: 9/9
  5994 | D:7      | Bought a bronze ring for 160 gold pieces
  6006 | D:7      | Found Waichong's Magic Scroll Boutique.
  6056 | D:7      | XOM: cast spell 'Death Channel'
  6104 | D:7      | Found Motooxzy's Distillery.
  6115 | D:7      | Found Zihumus's Armour Shop.
  6115 | D:7      | XOM: 4-stop teleportation journey
  6135 | D:7      | Bought a potion of heal wounds for 60 gold pieces
  6170 | D:7      | XOM: scenery: summon butterflies
  6221 | D:7      | Reached skill level 1 in Spellcasting
  6221 | D:7      | Reached skill level 1 in Summonings
  6238 | D:7      | Found a sand-covered staircase.
  6247 | Ossuary  | Entered an ossuary
  6352 | Ossuary  | XOM: 1-stop teleportation journey
  6417 | Ossuary  | XOM: cast spell 'Disjunction'
  6421 | Ossuary  | XOM: fog
  6642 | D:7      | Found an iron altar of Okawaru.
  6658 | D:7      | Found a hide-covered altar of Uskayaw.
  6783 | D:7      | Found Inal's Antique Weapon Emporium.
  6918 | D:7      | Noticed a manticore
  6918 | D:7      | XOM: summons friendly crimson imp
  6921 | D:7      | XOM: summons friendly crimson imp
  6923 | D:7      | Killed a manticore
  6992 | D:7      | Noticed a manticore
  6998 | D:7      | Killed a manticore
  6999 | D:7      | Reached XP level 10. HP: 75/98 MP: 14/14
  7065 | D:7      | Noticed a green ugly thing
  7070 | D:7      | Killed a green ugly thing
  7143 | D:7      | Noticed a cyclops
  7148 | D:7      | Killed a cyclops
  7149 | D:7      | Reached skill level 5 in Evocations
  7568 | D:8      | XOM: give mutation
  7568 | D:8      | Gained mutation: You possess an exceptional clarity of
                  | mind. [Xom's grace]
  7824 | D:8      | XOM: give mutations
  7824 | D:8      | Gained mutation: You are agile. (Dex +4, Str/Int -1) [Xom's
                  | grace]
  7824 | D:8      | Gained mutation: Your muscles are very strong. (Str +8,
                  | Int/Dex -2) [Xom's grace]
  7842 | D:8      | Found a transporter.
  7842 | D:8      | Noticed a deep elf pyromancer
  7842 | D:8      | Found a transporter.
  7842 | D:8      | XOM: 4-stop teleportation journey
  8231 | D:8      | Found Wummorr's Antique Armour Boutique.
  8236 | D:8      | Bought a spiked robe for 165 gold pieces
  8236 | D:8      | Identified the +1 robe of Repulsion {Int+2 SInv} (You
                  | bought it in a shop on level 8 of the Dungeon)
  8275 | D:8      | XOM: scenery: summon butterflies
  8403 | D:8      | Learned a level 4 spell: Animate Dead
  8456 | D:9      | Reached skill level 10 in Unarmed Combat
  8510 | D:9      | Reached skill level 1 in Necromancy
  8511 | D:9      | XOM: enchant monster (good)
  8535 | D:9      | Found the +16 obsidian axe {drain, demonic, Mesm ^Drain Fly
                  | SInv}
  8535 | D:9      | Noticed a centaur warrior
  8535 | D:9      | Noticed an orc knight
  8539 | D:9      | Killed a centaur warrior
  8544 | D:9      | Reached skill level 2 in Necromancy
  8544 | D:9      | Found the +3 pair of gauntlets of War {Slay+5}
  8547 | D:9      | XOM: cleaving
  8554 | D:9      | Killed an orc knight
  8555 | D:9      | Mutation became permanent: You have sharp fingernails.
                  | [demonic ancestry]
  8555 | D:9      | Gained mutation: You have very sharp fingernails. [demonic
                  | ancestry]
  8555 | D:9      | Reached XP level 11. HP: 57/107 MP: 17/17
  8743 | D:9      | Reached skill level 3 in Necromancy
  8855 | D:9      | Noticed a centaur warrior
  8858 | D:9      | Killed a centaur warrior
  8858 | D:9      | XOM: polymorph red devil -> smoke demon
  9191 | D:9      | Noticed a two-headed ogre
  9194 | D:9      | Killed a two-headed ogre
  9220 | D:9      | Found a blossoming altar of Fedhas.
  9223 | D:9      | Found a stormy altar of Qazlal.
  9449 | D:9      | Noticed a centaur warrior
  9449 | D:9      | Noticed a white ugly thing
  9453 | D:9      | XOM: cast spell 'Discord'
  9454 | D:9      | Killed a white ugly thing
  9455 | D:9      | XOM: polymorph inugami -> queen bee
  9457 | D:9      | Reached skill level 10 in Maces & Flails
  9459 | D:9      | Killed a centaur warrior
  9539 | D:9      | XOM: polymorph manticore -> blink frog
  9589 | D:9      | Learned a level 6 spell: Death Channel
  9631 | D:9      | Gained mutation: You are mostly covered in rugged brown
                  | scales. (AC +2, +5% HP) [demonic ancestry]
  9631 | D:9      | Reached XP level 12. HP: 109/118 MP: 19/19
  9823 | D:9      | XOM: god gift: 1088 gold pieces
  9900 | D:9      | Found a staircase to the Lair.
 10096 | D:10     | Entered Level 10 of the Dungeon
 10128 | D:10     | XOM: cloud trail
 10193 | D:10     | Reached skill level 1 in Axes
 10243 | D:10     | XOM: divination: detect creatures
 10268 | D:10     | Found a basalt altar of Yredelemnul.
 10350 | D:10     | Reached skill level 5 in Axes
 10418 | D:10     | XOM: god gift: scroll of teleportation
 10476 | D:10     | Noticed Gastronok
 10480 | D:10     | XOM: summons friendly iron imp
 10484 | D:10     | XOM: enchant monster (bad)
 10493 | D:10     | Killed Gastronok
 10657 | D:10     | Found a snail-covered altar of Cheibriados.
 10715 | D:10     | XOM: scenery: create altars
 10862 | D:11     | Noticed a centaur warrior
 10864 | D:11     | XOM: summons friendly crimson imp
 10872 | D:11     | Killed a centaur warrior
 11093 | D:11     | Found a staircase to the Orcish Mines.
 11098 | D:11     | Reached skill level 10 in Fighting
 11190 | D:11     | XOM: scenery: 1 doors open
 11241 | D:11     | Noticed Josephine
 11245 | D:11     | Killed Josephine
 11382 | D:11     | Noticed Fannar
 11389 | D:11     | Killed Fannar
 11671 | D:11     | Noticed a two-headed ogre
 11681 | D:11     | Killed a two-headed ogre
 11962 | D:12     | Reached skill level 4 in Necromancy
 11995 | D:12     | XOM: scenery: 2 doors open
 12155 | D:12     | XOM: god gift: scroll of blinking
 12296 | D:12     | Reached skill level 5 in Necromancy
 12296 | D:12     | Gained mutation: You are mostly covered in sharp spines.
                  | [demonic ancestry]
 12296 | D:12     | Reached XP level 13. HP: 85/132 MP: 11/20
 12302 | D:12     | XOM: scenery: 1 doors open, 1 doors close
 12314 | D:12     | XOM: scenery: 1 doors open, 1 doors close
 12470 | D:12     | Identified the blade talisman of the Fisher {+Blink Stlth+}
 12682 | D:13     | Noticed Urug
 12911 | Lair:1   | Entered Level 1 of the Lair of Beasts
 12926 | Lair:1   | Reached skill level 6 in Necromancy
 13060 | Orc:1    | XOM: noise
 13060 | Orc:1    | Entered Level 1 of the Orcish Mines
 13240 | Orc:2    | Entered Level 2 of the Orcish Mines
 13316 | Orc:1    | Noticed an orc warlord
 13323 | Orc:2    | Killed an orc warlord
 13324 | Orc:2    | Reached skill level 7 in Necromancy
 13473 | Orc:2    | Found Toupt's Book Emporium.
 13473 | Orc:2    | XOM: 5-stop teleportation journey
 13675 | Orc:2    | XOM: divination: detect creatures
 13723 | Orc:2    | Found a staircase to the Elven Halls.
 13844 | Orc:2    | XOM: divine lightning
 13881 | Orc:2    | XOM: stat loss: -1 Str (27/28)
 14192 | Orc:2    | Reached skill level 8 in Necromancy
 14194 | Orc:2    | Found Gamonu's Book Boutique.
 14381 | Orc:2    | Noticed an orc warlord
 14384 | Orc:2    | Found Nuvvioh's Antique Armour Shoppe.
 14388 | Orc:2    | XOM: blink monster(s)
 14394 | Orc:2    | Killed an orc warlord
 14395 | Orc:2    | Reached skill level 9 in Necromancy
 14536 | Orc:2    | Found Besatux's Antique Weapon Emporium.
 14553 | Orc:2    | Bought fire dragon scales for 1980 gold pieces
 14613 | Orc:2    | XOM: draining
 14757 | Orc:2    | XOM: polymorph kobold blastminer -> crocodile
 15244 | D:9      | XOM: give mutations
 15244 | D:9      | Lost mutation: You have a pair of small horns on your head.
                  | [Xom's mischief]
 15244 | D:9      | Lost mutation: A frigid envelope surrounds you and freezes
                  | all who hurt you. [Xom's mischief]
 15391 | Elf:1    | Entered Level 1 of the Elven Halls
 15394 | Elf:1    | XOM: blink monster(s)
 15398 | Elf:1    | Reached skill level 10 in Necromancy
 15398 | Elf:1    | XOM: repel stairs
 15414 | Elf:1    | Reached skill level 11 in Necromancy
 15737 | Elf:1    | XOM: chaos cloud
 15745 | Elf:1    | Reached skill level 12 in Necromancy
 15998 | Elf:1    | XOM: torment (75/132 hp)
 16068 | Elf:1    | XOM: polymorph sun demon -> ynoxinul
 16103 | Elf:1    | XOM: give mutation
 16103 | Elf:1    | Lost mutation: Your muscles are very strong. (Str +8,
                  | Int/Dex -2) [Xom's mischief]
 16199 | Elf:1    | XOM: 1-stop teleportation journey
 16261 | Elf:1    | Noticed a deep elf death mage
 16262 | Elf:1    | Noticed a deep elf death mage
 16268 | Elf:1    | Killed a deep elf death mage
 16272 | Elf:1    | Killed a ghostly deep elf death mage
 16273 | Elf:1    | Reached skill level 13 in Necromancy
 16273 | Elf:1    | Reached XP level 14. HP: 18/138 MP: 2/21
 16273 | Elf:1    | Killed from afar by a deep elf knight

Illustrated notes

Levels and vault maps discovered:
D:1:      evilmike_arrival_crescent, layout_basic, serial_park_tiny_1,
          serial_bayou_pond_d, minmay_vboxes
D:2:      layout_loops_ring, minmay_small_reverse_x, uniq_natasha, uniq_robin
D:3:      layout_loops_corners, mainiacjoe_overflow_six_doors_small,
          shapermc_ecumenical_altar_mp_vishouse
D:4:      layout_cave_pools, mainiacjoe_overflow_paths,
          minmay_temple_entry_poolview, gup_sewer_entry_glass, uniq_eustachio
D:5:      layout_rooms, xom_butterflies
D:6:      layout_rooms, mainiacjoe_overflow_surrounded_room,
          nicolae_zig_zag_zippers, uniq_edmund, uniq_sigmund, uniq_jeremiah
D:7:      minmay_blocky_corners, layout_rooms,
          mainiacjoe_overflow_catwalk_spiral, serial_shops, nicolae_square_shop,
          shop, shop, shop, shop, nicolae_ossuary_entry_monument
D:8:      gammafunk_sealed_arena, layout_basic, serial_shops, shop
D:9:      layout_basic, overflow_temple_1_default,
          grunt_temple_overflow_diamond, erik_lair_dragon, nicolae_rejected_hall
D:10:     layout_roguey, nicolae_yredelemnul_corpse_copse, cheibriados_altar_1,
          hangedman_corner_corridor, uniq_gastronok
D:11:     layout_gridville, david_orc_3, lemuel_flamethrower_2, uniq_fannar,
          uniq_josephine
D:12:     layout_gridville, serial_library_regret_index_double_sided
D:13:     layout_loops_ring, hangedman_vaults_entry_quadrant_bands, uniq_urug,
          uniq_rupert
Lair:1:   layout_gridlike, infiniplex_staircase_pool_2, grunt_megastairs_3
Orc:1:    layout_caves
Orc:2:    grunt_orc_community_town_hall, layout_caves,
          grunt_orc_community_big_house_2, grunt_orc_community_big_house_2,
          grunt_orc_community_house_3, grunt_orc_community_house_3,
          grunt_orc_community_house_2, grunt_orc_community_house_1,
          grunt_orc_community_house_1, basic_altar
Elf:1:    minmay_elf_arrival_plus, layout_loops_corners, serial_shops, shop,
          minmay_elf_crystal_heptagon

Skill      XL: |  1  2  3  4  5  6  7  8  9 10 11 12 13 |
---------------+----------------------------------------+-----
Unarmed Combat | 3 4 5 7 8 9 10 | 10.4
Fighting       | 4 5 6 7 8 9 11 | 11.0
Evocations     | 1 3 4 5 6 |  6.1
Air Magic      | 2 4 |  4.0
Spellcasting   | 2 4 |  4.6
Summonings     | 3 4 |  4.9
Necromancy     | 2 3 5 13 | 13.1
Maces & Flails | 11 12 | 12.0
Axes           | 6 |  6.2
Armour         | |  1.7
Dodging        | |  0.8

Action                     |  1- 3 |  4- 6 |  7- 9 | 10-12 | 13-15 || total
---------------------------+-------+-------+-------+-------+-------++-------
  Melee: Unarmed           |   129 |   133 |   275 |    57 |       ||   594
         Punch             |     5 |     4 |    12 |    12 |     5 ||    38
         Headbutt          |       |       |    15 |    39 |    11 ||    65
         Broad axe         |       |       |       |   133 |   138 ||   271
   Cast: Animate Dead      |       |       |       |     6 |    11 ||    17
         Call Canine Famil |       |       |       |     8 |     9 ||    17
         Swiftness         |       |       |       |     2 |       ||     2
         Death Channel     |       |       |       |       |     8 ||     8
  Evoke: Sack of spiders   |       |       |       |       |     1 ||     1
    Use: Scroll            |     4 |     6 |     8 |     3 |       ||    21
         Potion            |       |     5 |     3 |       |     2 ||    10
   Stab: Distracted        |       |       |       |       |     2 ||     2
 Armour: Ring mail         |    77 |   102 |    68 |       |       ||   247
         Leather armour    |     1 |       |    71 |   186 |    58 ||   316
         Skin              |       |     5 |       |       |       ||     5
         Fire dragon scale |       |       |       |       |    57 ||    57
  Dodge: Dodged            |    80 |    65 |   144 |   182 |   101 ||   572
